 Dungeon Crawl Stone Soup version 0.30.0-29-ga12c61a403 (webtiles) character file.

Game seed: 17973721854168896962

440 cheesebisquit the Scholar of Death (level 7, 0/50 HPs)
             Began as a Ghoul Necromancer on June 7, 2023.
             Was a Follower of Kikubaaqudgha.
             Slain by a gnoll
             ... wielding a +2 heavy spear
             ... led by a gnoll sergeant
              (9 damage)
             ... on level 5 of the Dungeon.
             The game lasted 00:17:56 (4421 turns).

cheesebisquit the Scholar of Death (GhNe)           Turns: 4421, Time: 00:17:57

Health: 0/50       AC:  4    Str: 12    XL:     7   Next: 2%
Magic:  8/12       EV: 12    Int: 12    God:    Kikubaaqudgha [*.....]
Gold:   181        SH:  0    Dex:  9    Spells: 3/14 levels left

rFire   . . .        m - +0 war axe
rCold   + + .        (no shield)
rNeg    + + +        a - +0 robe
rPois   ∞            (no helmet)
rElec   .            u - +0 cloak
rCorr   .            (no gloves)
SInv    .            s - +0 pair of boots
Will    .....        b - amulet of magic regeneration
Stlth   ++           i - ring of protection from cold
HPRegen 0.00/turn    (no ring)
MPRegen 0.53/turn

%: no passive effects
@: inhibited regen
A: claws 1, cold resistance 1, negative energy resistance 3, inhibited
regeneration, torment resistance 2, devour on kill
a: Renounce Religion, Unearth Wretches


You were on level 5 of the Dungeon.
You worshipped Kikubaaqudgha.
Kikubaaqudgha was aware of your devotion.
You visited 2 branches of the dungeon, and saw 6 of its levels.

You collected 181 gold pieces.

Inventory:

Hand Weapons
 m - a +0 war axe (weapon)
Missiles
 g - 13 stones
 w - a throwing net
Armour
 a - a +0 robe (worn)
 q - a +0 ring mail
 s - a +0 pair of boots (worn)
 u - a +0 cloak (worn)
Jewellery
 b - an amulet of magic regeneration (around neck)
 i - a ring of protection from cold (left claw)
 t - an amulet of regeneration
Scrolls
 e - a scroll of magic mapping {unknown}
 f - 2 scrolls of teleportation
 h - 2 scrolls of amnesia {unknown}
 j - a scroll of fear {unknown}
 k - 2 scrolls of vulnerability {unknown}
 n - a scroll of poison {unknown}
 o - 2 scrolls of torment {unknown}
Potions
 c - a potion of ambrosia
 d - a potion of heal wounds
 l - a potion of attraction
 p - a potion of lignification
 r - 2 potions of resistance {unknown}
 v - a potion of degeneration {unknown}


   Skills:
 - Level 1.7 Dodging
 - Level 2.1 Stealth
 + Level 4.0 Spellcasting
 + Level 6.7 Necromancy


You had 3 spell levels left.
You knew the following spells:

 Your Spells              Type           Power      Damage    Failure   Level
a - Necrotise             Necr           72%        1d7       1%          1
b - Vampiric Draining     Necr           18%        2d7       4%          3
c - Kiss of Death         Conj/Necr      40%        2d8       5%          1
d - Cigotuvi's Dreadful   Necr/Pois/Air  14%        N/A       13%         2
e - Animate Dead          Necr           18%        N/A       14%         4

Your spell library contained the following spells:

 Spells                   Type           Power      Damage    Failure   Level
 Apportation              Tloc           4%         N/A       22%         1
 Frozen Ramparts          Ice            4%         1d1       54%         3
 Agony                    Necr           18%        N/A       36%         5
 Summon Ice Beast         Ice/Summ       2%         N/A       91%         4
 Alistair's Intoxication  Tmut/Pois      1%         N/A       99%         5
 Ice Form                 Ice/Tmut       Unusable   N/A       N/A         4

Dungeon Overview and Level Annotations

Branches:
Dungeon (5/15)             Temple (1/1) D:4

Altars:
Ashenzari
Cheibriados
Dithmenos
Gozag
Hepliaklqana
Kikubaaqudgha
Makhleb
Nemelex Xobeh
Okawaru
Qazlal
Ru
Uskayaw
Vehumet
Yredelemnul

Annotations:
D:2 exclusion: ogre
D:4 Grinder


Innate Abilities, Weirdness & Mutations

You are immune to poison.
You have sharp fingernails.
Your flesh is cold resistant. (rC+)
You are immune to negative energy. (rN+++)
You do not regenerate when monsters are visible.
You are immune to unholy pain and torment.
You thrive by killing the living.


Message History

Okay, then.
A gnoll sergeant is nearby!
Found 7 gold pieces.
You see here a ring of fire.
The gnoll sergeant writhes in agony.
The gnoll sergeant barely misses you.
Your bullfrog skeleton barely misses the gnoll sergeant.
The gnoll sergeant hits your bullfrog skeleton with a +0 spear.
A gnoll comes into view. It is wielding a +2 heavy spear.
Your bullfrog skeleton barely misses the gnoll sergeant.
The gnoll sergeant hits your bullfrog skeleton with a +0 spear.
Your bullfrog skeleton hits the gnoll sergeant but does no damage.
Your bullfrog skeleton hits the gnoll sergeant.
A gnoll comes into view. It is wielding a +0 flail.
The gnoll sergeant hits your bullfrog skeleton with a +0 spear!
There is a stone staircase leading up here.
A gnoll comes into view. It is wielding a +0 whip.
Your bullfrog skeleton closely misses the gnoll sergeant.
The gnoll sergeant completely misses your bullfrog skeleton.
Your bullfrog skeleton hits the gnoll sergeant.
The gnoll sergeant hits your bullfrog skeleton with a +0 spear!
Your bullfrog skeleton is destroyed!
Aiming: Necrotise (safe; 1% risk of failure)
Press: ? - help, Q - select action, (/) - cycle Shift-Dir - straight line, f - gnoll, p - gnoll sergeant
Aim: a gnoll, wielding a +2 heavy spear (chance to affect: 83%)
The gnoll writhes in agony.
Aiming: Necrotise (safe; 1% risk of failure)
Press: ? - help, Q - select action, (/) - cycle Shift-Dir - straight line, f/p - gnoll
Aim: a gnoll, wielding a +2 heavy spear (moderately wounded, chance to affect: 83%)
The gnoll writhes in agony.
Aiming: Necrotise (safe; 1% risk of failure)
Press: ? - help, Q - select action, (/) - cycle Shift-Dir - straight line, f/p - gnoll
Aim: a gnoll, wielding a +2 heavy spear (severely wounded, chance to affect: 83%)
The gnoll barely resists.
The gnoll hits you from afar with a +2 heavy spear!
* * * LOW HITPOINT WARNING * * *
The gnoll sergeant hits you from afar with a +0 spear.
* * * LOW HITPOINT WARNING * * *
The gnoll hits you from afar with a +2 heavy spear!
You die...
Kikubaaqudgha rasps: "You have failed me!
Welcome... oblivion!"

.. #. #.###. .#
# ..... .# .#
.... .##.## #.(
.#.#$#
#..####......
#####...@.....#
.......<..gg.##
#...).....gg##
#####.####...#
#. #.#..# #
#.#....P ...
....P #.# ###..
#.# #


You could see a gnoll sergeant and 3 gnolls.

Vanquished Creatures
  A bullfrog (D:5)
  2 scorpions
  A gnoll bouda (D:4)
  An iguana (D:4)
  5 adders
  3 gnolls (D:4)
  A worm (D:4)
  3 dart slugs
  5 orcs (D:3)
  7 ball pythons
  2 bats (D:1)
  4 bat zombies (D:4)
  5 endoplasms
  5 giant cockroaches
  6 goblins
  13 hobgoblins
  6 jackals (D:2)
  4 quokkas
  4 kobolds
  5 rats
  A rat zombie (D:4)
84 creatures vanquished.

Vanquished Creatures (collateral kills)
  2 adders
  An endoplasm (D:1)
  A giant cockroach (D:1)
  A hobgoblin (D:3)
  A kobold (D:1)
  A rat (D:3)
7 creatures vanquished.

Grand Total: 91 creatures vanquished

Notes
Turn   | Place    | Note
-------+----------+-------------------------------------------
     0 | D:1      | cheesebisquit the Ghoul Necromancer began the quest for the
                  | Orb.
     0 | D:1      | Reached XP level 1. HP: 14/14 MP: 2/2
   188 | D:1      | Reached XP level 2. HP: 20/20 MP: 1/3
   346 | D:1      | Found a faded altar of an unknown god.
   645 | D:1      | Reached XP level 3. HP: 26/26 MP: 0/4
   826 | D:1      | Reached skill level 5 in Necromancy
   935 | D:1      | Learned a level 3 spell: Vampiric Draining
  1473 | D:2      | Found an ancient bone altar of Kikubaaqudgha.
  1485 | D:2      | Reached XP level 4. HP: 23/33 MP: 1/6
  1489 | D:2      | Became a worshipper of Kikubaaqudgha
  1796 | D:2      | Noticed an ogre
  2436 | D:3      | Reached * piety under Kikubaaqudgha
  2436 | D:3      | Received a gift from Kikubaaqudgha
  2437 | D:3      | Reached XP level 5. HP: 29/38 MP: 1/8
  2439 | D:3      | Learned a level 1 spell: Kiss of Death
  2442 | D:3      | Learned a level 2 spell: Cigotuvi's Dreadful Rot
  2922 | D:4      | Found a sparkling altar of Nemelex Xobeh.
  2944 | D:3      | Reached skill level 6 in Necromancy
  3203 | D:4      | Noticed a black bear
  3260 | D:4      | Noticed Grinder
  3288 | D:4      | Reached XP level 6. HP: 45/45 MP: 3/10
  3362 | D:4      | Learned a level 4 spell: Animate Dead
  3418 | D:4      | Found a staircase to the Ecumenical Temple.
  3423 | Temple   | Entered the Ecumenical Temple
  3688 | D:4      | Found a shadowy altar of Dithmenos.
  4090 | D:4      | Found an ancient bone altar of Kikubaaqudgha.
  4259 | D:4      | Found a burning altar of Makhleb.
  4397 | D:5      | Entered Level 5 of the Dungeon
  4409 | D:5      | Reached XP level 7. HP: 26/50 MP: 5/12
  4421 | D:5      | Slain by a gnoll

Illustrated notes

Levels and vault maps discovered:
D:1:      grunt_arrival_lava_bath, layout_basic,
          hellmonk_ecumenical_altar_arch_garden
D:2:      layout_basic, basic_altar
D:3:      layout_loops_cross, serial_bayou, serial_bayou_lagoon_a,
          serial_bayou_shore_a, serial_bayou_pond_c, serial_bayou_pond_c,
          minmay_misc_feat_chi, nicolae_concentric_dashed_squares_wild
D:4:      layout_basic, mainiacjoe_overflow_catwalk,
          lemuel_zombie_altar_kikubaaqudgha, nemelex_xobeh_ov_fountains_minmay,
          lemuel_tele_altar, minmay_temple_entry_antechambers,
          serial_co_window_serial, co_window_corner_a, co_window_paths_a,
          co_window_paths_a, co_window_corner_a, co_window_of_opportunity_a,
          co_window_broadway_c, co_window_corner_b, co_window_of_opportunity_b,
          co_window_corner_b, co_window_broadway_b, co_window_cross_2,
          co_window_of_opportunity_b, co_window_4corner_a, st_stairs_13,
          uniq_grinder
D:5:      layout_loops_ring, tso_oasis_becter, portal_sewer_entry_b
Temple:   chequers_temple_sunken

Skill      XL: |  1  2  3  4  5  6 |
---------------+-------------------+-----
Necromancy     | 5 6 |  6.7
Spellcasting   | 2 3 4 |  4.0
Dodging        | |  1.7
Stealth        | |  2.1

Action                     |  1- 3 |  4- 6 |  7- 9 || total
---------------------------+-------+-------+-------++-------
  Melee: Short sword       |    14 |       |       ||    14
         Unarmed           |     6 |       |       ||     6
         Scimitar          |     6 |       |       ||     6
         War axe           |     5 |    34 |       ||    39
  Throw: Stone             |       |     1 |       ||     1
         Throwing net      |       |     1 |       ||     1
   Cast: Necrotise         |    67 |   141 |     4 ||   212
    Use: Scroll            |     5 |     1 |       ||     6
         Potion            |     2 |     2 |       ||     4
 Armour: Robe              |    22 |    42 |       ||    64
  Dodge: Dodged            |    66 |    96 |     1 ||   163
